 Dungeon Crawl Stone Soup version 0.27-a0-1513-g2aaa0cc67b (webtiles) character file.

Game seed: 3057973845158926969

11921 blackman the Cleaver (level 12, -2/88 HPs)
             Began as a Human Monk on July 9, 2021.
             Was a High Priest of Hepliaklqana.
             Slain by a meliai (7 damage)
             ... on level 10 of the Dungeon.
             The game lasted 00:33:41 (17185 turns).

blackman the Cleaver (Human Monk)                  Turns: 17185, Time: 00:33:42

Health: -2/88      AC: 18    Str: 17    XL:     12   Next: 13%
Magic:  12/12      EV:  9    Int: 10    God:    Hepliaklqana [*****.]
Gold:   707        SH:  0    Dex: 16    Spells: 11/11 levels left

rFire    . . .     SeeInvis +   D - +4 battleaxe
rCold    . . .     Faith    .   (shield currently unavailable)
rNeg     . . .     Spirit   .   w - +0 plate armour
rPois    .         Reflect  .   I - +0 hat {SInv}
rElec    .         Harm     .   o - +0 cloak
rCorr    .         Rampage  .   (no gloves)
Will     .....                  (no boots)
Stlth    ..........             (no amulet)
HPRegen  0.24/turn              v - +4 ring of protection
MPRegen  0.13/turn              (no ring)

@: mighty, studying Dodging
A: reduced essence
a: Renounce Religion, Recall Ancestor, Ancestor Identity, Transference, Idealise


You were on level 10 of the Dungeon.
You worshipped Hepliaklqana.
Hepliaklqana was extremely pleased with you.
You visited 1 branch of the dungeon, and saw 10 of its levels.
You also visited: Ossuary.

You collected 777 gold pieces.
You spent 70 gold pieces at shops.

Inventory:

Hand Weapons
 a - a +0 hand axe
 e - a +0 hunting sling
 D - a +4 battleaxe (weapon)
 E - a +3 great sword of freezing
Missiles
 h - 7 atropa-tipped darts (quivered)
 l - 175 stones
 s - 114 sling bullets
 t - a throwing net
Armour
 b - a +0 robe
 j - a +0 ring mail
 o - a +0 cloak (worn)
 w - a +0 plate armour (worn)
 y - a +0 buckler
 H - a +0 troll leather armour
 I - a +0 hat of see invisible (worn)
 J - +0 acid dragon scales
Jewellery
 k - a ring of fire
 v - a +4 ring of protection (left hand)
Wands
 x - a wand of paralysis (10)
 z - a wand of digging (5)
 A - a wand of flame (39)
 G - a wand of acid (10)
 K - a wand of iceblast (5)
Scrolls
 d - 2 scrolls of teleportation
 g - a scroll of blinking
 n - 2 scrolls of magic mapping
 u - a scroll of immolation
 F - 2 scrolls of enchant armour
 L - a scroll of amnesia
 M - a scroll of brand weapon {unknown}
Potions
 f - 2 potions of flight
 i - 5 potions of attraction
 m - 4 potions of brilliance
 p - 2 potions of curing
 r - a potion of invisibility {unknown}
 B - a potion of degeneration
 C - 2 potions of mutation
 N - a potion of ambrosia {unknown}


   Skills:
 + Level 10.4 Fighting
 * Level 12.2 Axes
 + Level 7.3 Armour
 - Level 10.0 Dodging
 - Level 2.0 Stealth


You had 11 spell levels left.
You didn't know any spells.
Your spell library contained the following spells:

 Spells                   Type           Power      Damage    Failure   Level
 Corona                   Hex            0%         N/A       100%        1
 Ensorcelled Hibernation  Hex/Ice        0%         N/A       100%        2
 Passwall                 Tmut/Erth      0%         N/A       100%        2
 Poisonous Vapours        Pois/Air       0%         N/A       100%        2
 Slow                     Hex            0%         N/A       100%        2
 Static Discharge         Conj/Air       0%         N/A       100%        2
 Confusing Touch          Hex            0%         N/A       100%        3
 Gell's Gravitas          Tloc           0%         N/A       100%        3
 Lesser Beckoning         Tloc           0%         N/A       100%        3
 Mephitic Cloud           Conj/Pois/Air  0%         N/A       100%        3
 Swiftness                Air            0%         N/A       100%        3
 Teleport Other           Tloc           0%         N/A       100%        3
 Tukima's Dance           Hex            0%         N/A       100%        3
 Dispel Undead            Necr           0%         3d6       100%        4
 Sticky Flame             Conj/Fire      0%         2d3       100%        4
 Freezing Cloud           Conj/Ice/Air   0%         6-21      100%        5
 Yara's Violent Unravell  Hex/Tmut       0%         3d3       100%        5
 Invisibility             Hex            0%         N/A       100%        6


Dungeon Overview and Level Annotations

Branches:
Dungeon (10/15)            Temple (0/1) D:7            Lair (0/6) D:8
Ossuary (visited)
    Orc: D:9-12

Altars:
Elyvilon
Hepliaklqana
Nemelex Xobeh
Qazlal
Ru
Uskayaw

Shops:
D:8 *

Annotations:
D:10 1 transporter, pyrow613's ghost, novice OgMo


Message History

Blink to where?
Press: ? - help, Dir - move target
As you read the scroll of blinking, it crumbles to dust.
Something hits Lyra.
You feel better. What are your orders? t - Shout!
Orders for allies: a - Attack new target. r - Retreat! s - Stop attacking. g - Guard the area. f - Follow me.
Anything else - Cancel.
Gang up on whom?
Press: ? - help, Dir - move target, f - meliai
Aim: a meliai, wielding a +0 vorpal war axe and wearing a +0 leather armour Attack!
Throw: 2 throwing nets
Press: ? - help, Shift-Dir - straight line, f/p - meliai
Aim: a meliai, wielding a +0 vorpal war axe and wearing a +0 leather armour (ally target, 53% to hit)
You throw a throwing net. The throwing net hits the meliai.
The meliai is caught in the net!
The meliai struggles against the net. x2
The net rips apart, and the meliai comes free!
Throw: 8 darts (atropa)
Press: ? - help, Q - select action, (/) - cycle Shift-Dir - straight line, f/p - meliai
Aim: a meliai, wielding a +0 vorpal war axe and wearing a +0 leather armour (ally target, 51% to hit, chance to blind on hit: 3%)
You throw an atropa-tipped dart. The atropa-tipped dart hits the meliai.
The meliai resists.
The meliai hits you with a +0 vorpal war axe!
* * * LOW HITPOINT WARNING * * *
x2 The meliai stings you but does no damage.
Lyra gestures at the meliai while chanting.
The meliai resists with some effort.
Pyrow613's ghost hits Lyra!
You closely miss the meliai. The meliai closely misses you.
The meliai stings you but does no damage.
The meliai hits you but does no damage.
The meliai stings you but does no damage.
Lyra barely misses pyrow613's ghost.
Something stings Lyra!!
Pyrow613's ghost hits Lyra!
The meliai hits you with a +0 vorpal war axe!
You die...

..##### ..# .. ..# .
... ..# .. #.# #####
...## ... ##### ....
#.# §☼°## ..# ###
..#...... ☼§§.# ###.##
#.#...... §§§☼# #@..#.!
#.#...... §○.§# #
#y###.## #.#......
°°○## #
#.##(..#...##........
#####
#.#.#.#.#.#.#y#........
....8
#...#..#R..#.y#.<......
#####
#..©#©.#W#.#Wy#©.......
°..##
#.#.#..#y..#yy#........
°°○°#
#.#.#.#.#.#.#........
§°°§#
#.##...#...##.###....


You could see the friendly Lyra the hexer, a hornet, a meliai and pyrow613's
ghost (ally target).

Vanquished Creatures
  A two-headed ogre (D:10)
  Joseph (D:7)
  A vampire (D:10)
  14 yaks
  2 vampire mosquitoes (D:10)
  A steam dragon (D:9)
  Menkaure (D:6)
  An acid dragon (D:8)
  2 water moccasins
  3 orc warriors
  A sky beast (D:8)
  A black bear (D:5)
  An ice beast (D:8)
  An ogre (D:5)
  A necrophage (D:6)
  A blink frog zombie (D:9)
  4 wolves (D:8)
  2 centaurs
  2 elf zombies
  4 bullfrogs
  2 gnoll sergeants (D:8)
  2 scorpions
  An elf skeleton (D:5)
  3 killer bees (D:10)
  A howler monkey (D:8)
  3 electric eels
  4 wights (D:6)
  A bullfrog zombie (D:6)
  2 hounds
  3 centaur zombies (Ossuary)
  A human zombie (D:5)
  A centaur skeleton (D:7)
  An orc priest (D:9)
  An iguana (D:7)
  A human skeleton (D:5)
  4 orc wizards
  Robin (D:2)
  A howler monkey zombie (D:5)
  8 gnolls
  A hexer (Ossuary)
  4 adders
  An ufetubus (D:4)
  An adder skeleton (D:4)
  A worm (D:5)
  3 dart slugs
  12 orcs
  8 ball pythons
  5 endoplasms
  6 giant cockroaches
  11 goblins
  5 hobgoblins
  5 jackals
  3 quokkas
  3 bats
  7 frilled lizards (D:1)
  3 gnoll zombies (Ossuary)
  A goblin zombie (Ossuary)
  3 hobgoblin zombies (Ossuary)
  3 kobolds
  8 rats
180 creatures vanquished.

Vanquished Creatures (collateral kills)
  Gastronok (D:8)
  A two-headed ogre (D:10)
  A troll (D:8)
  A shadow (D:10)
  3 yaks (D:8)
  2 vampire mosquitoes (D:10)
  A water moccasin (D:9)
  Duvessa (D:6)
  An orc warrior (D:9)
  A black bear (D:5)
  A wolf (D:8)
  2 centaurs
  An elf zombie (Ossuary)
  Dowan (D:6)
  3 scorpions
  A wyvern skeleton (D:7)
  A wight (D:7)
  2 electric eels
  2 howler monkeys
  A bullfrog zombie (D:5)
  4 hounds
  A jelly (D:6)
  An orc priest (D:6)
  2 centaur skeletons
  2 iguanas
  An orc wizard (D:9)
  Natasha (thrice) (D:3)
  2 mummies (Ossuary)
  A gnoll (D:8)
  An adder (D:3)
  A white imp (D:7)
  An ufetubus (D:6)
  3 orcs
  A quokka (D:4)
  A goblin zombie (Ossuary)
  A hobgoblin zombie (Ossuary)
  A kobold (D:4)
  An orc skeleton (D:5)
  An orc zombie (D:5)
57 creatures vanquished.

Vanquished Creatures (others)
  An electric eel (D:8)
  4 hexers
  3 plants (D:3)
8 creatures vanquished.

Grand Total: 245 creatures vanquished

Notes
Turn   | Place    | Note
-------+----------+-------------------------------------------
     0 | D:1      | blackman the Human Monk began the quest for the Orb.
     0 | D:1      | Reached XP level 1. HP: 18/18 MP: 1/1
   355 | D:1      | Reached XP level 2. HP: 24/24 MP: 2/2
   419 | D:1      | Reached skill level 1 in Armour
   419 | D:1      | Reached XP level 3. HP: 28/29 MP: 3/3
  1350 | D:1      | Reached XP level 4. HP: 34/36 MP: 4/4
  1551 | D:2      | Found a faded altar of an unknown god.
  1569 | D:2      | Became a worshipper of Hepliaklqana the Forgotten
  1569 | D:2      | Reached * piety under Hepliaklqana
  1569 | D:2      | Reached ** piety under Hepliaklqana
  1686 | D:2      | Remembered your ancestor Lyra as a hexer
  1795 | D:2      | Noticed Robin
  1819 | D:2      | Killed Robin
  2273 | D:2      | Reached *** piety under Hepliaklqana
  2582 | D:3      | Noticed Natasha
  2591 | D:3      | Killed Natasha
  2592 | D:3      | Reached XP level 5. HP: 29/37 MP: 5/5
  2596 | D:3      | Reached skill level 4 in Axes
  2820 | D:3      | Noticed Natasha
  2830 | D:3      | Killed Natasha
  3423 | D:3      | Noticed Natasha
  3434 | D:3      | Killed Natasha
  4008 | D:3      | Found a hazy altar of Hepliaklqana.
  4232 | D:4      | Reached XP level 6. HP: 42/44 MP: 6/6
  4289 | D:4      | HP: 2/44 [poisoned by a scorpion]
  5062 | D:5      | Entered Level 5 of the Dungeon
  5070 | D:5      | Reached XP level 7. HP: 39/49 MP: 7/7
  5077 | D:5      | Reached skill level 5 in Fighting
  5196 | D:5      | Reached skill level 5 in Axes
  5451 | D:5      | Reached XP level 8. HP: 34/56 MP: 8/8
  5638 | D:5      | Found a sand-covered staircase.
  5654 | Ossuary  | Entered an ossuary
  5778 | Ossuary  | Reached skill level 6 in Axes
  5778 | Ossuary  | Reached skill level 5 in Armour
  6388 | D:5      | Reached **** piety under Hepliaklqana
  6459 | D:5      | Found a hide-covered altar of Uskayaw.
  7138 | D:6      | Identified a scroll of acquirement
  7139 | D:6      | Acquired a manual of Dodging
  7156 | D:6      | Noticed Duvessa
  7156 | D:6      | Noticed Dowan
  7166 | D:6      | Killed Duvessa
  7167 | D:6      | Reached XP level 9. HP: 54/63 MP: 9/9
  7171 | D:6      | Killed Dowan
  7384 | D:6      | Reached skill level 7 in Axes
  7843 | D:6      | Noticed Menkaure
  7858 | D:6      | Killed Menkaure
  9270 | D:6      | HP: 2/53 [wight (1)]
 10426 | D:7      | Reached skill level 5 in Dodging
 10496 | D:7      | Reached skill level 8 in Axes
 10633 | D:7      | Noticed Joseph
 10638 | D:7      | Reached XP level 10. HP: 55/66 MP: 10/10
 10643 | D:7      | Killed Joseph
 10857 | D:7      | Found a staircase to the Ecumenical Temple.
 11297 | D:8      | Reached skill level 9 in Axes
 11333 | D:8      | Found Ceaxi's General Store.
 11340 | D:8      | Bought a potion of heal wounds for 70 gold pieces
 12294 | D:8      | Found a staircase to the Lair.
 12674 | D:8      | Found a white marble altar of Elyvilon.
 12694 | D:8      | Found a stormy altar of Qazlal.
 12700 | D:8      | Reached skill level 10 in Axes
 12907 | D:8      | Noticed Gastronok
 12920 | D:8      | Killed Gastronok
 12921 | D:8      | Reached XP level 11. HP: 47/80 MP: 11/11
 13089 | D:8      | Reached skill level 11 in Axes
 13452 | D:8      | Reached ***** piety under Hepliaklqana
 14529 | D:9      | HP: 4/81 [electric eel/bolt of electricity (9)]
 14537 | D:9      | Reached skill level 10 in Fighting
 14537 | D:9      | Reached skill level 10 in Dodging
 16113 | D:9      | Found a sacrificial altar of Ru.
 16382 | D:10     | Entered Level 10 of the Dungeon
 16401 | D:10     | Found a sparkling altar of Nemelex Xobeh.
 16441 | D:10     | Noticed a two-headed ogre
 16457 | D:10     | Killed a two-headed ogre
 16759 | D:10     | Noticed a two-headed ogre
 16768 | D:10     | Killed a two-headed ogre
 16769 | D:10     | Reached skill level 12 in Axes
 16769 | D:10     | Reached XP level 12. HP: 43/88 MP: 12/12
 17033 | D:10     | Found a transporter.
 17033 | D:10     | Found a transporter.
 17036 | D:10     | Noticed pyrow613's ghost (novice OgMo)
 17185 | D:10     | Slain by a meliai

Illustrated notes

Levels and vault maps discovered:
D:1:      lightli_arrival_maybe_door_vault, layout_loops_ring,
          minmay_lizard_pond
D:2:      layout_basic, hellmonk_ecumenical_altar_leap_of_faith,
          nicolae_underground_beach, uniq_robin
D:3:      layout_basic, nicolae_hepliaklqana_hazy_memory, uniq_natasha
D:4:      layout_cave_pools
D:5:      layout_basic, nicolae_uskayaw_suspiria,
          nicolae_ossuary_entry_catacombs, serial_park_tiny_pond
D:6:      layout_layer_cave, uniq_duvessa, uniq_menkaure
D:7:      statuecave_lemuel, layout_cave_pools, temple_doors_e, uniq_joseph
D:8:      layout_loops_corners, elyvilon_altar_3,
          nicolae_qazlal_scattered_showers, erik_lair_island, serial_shops,
          shop, uniq_gastronok
D:9:      layout_basic, nicolae_overflow_crystal_walls
D:10:     layout_irregular_city, nemelex_altar_shiori, gammafunk_ghost_hive,
          skrybe_limestone_x, uniq_erica

Skill      XL: |  1  2  3  4  5  6  7  8  9 10 11 |
---------------+----------------------------------+-----
Armour         | 1 2 3 4 5 6 7 |  7.3
Fighting       | 4 5 6 8 9 10 | 10.4
Axes           | 4 5 6 8 10 12 | 12.2
Dodging        | 5 9 10 | 10.0
Stealth        | |  2.0

Action                   |  1- 3 |  4- 6 |  7- 9 | 10-12 || total
-------------------------+-------+-------+-------+-------++-------
Melee: Hand axe          |    57 |   104 |   364 |       ||   525
       Hunting sling     |     7 |       |       |       ||     7
       Battleaxe         |       |       |    24 |   261 ||   285
 Fire: Hunting sling     |    45 |    31 |       |       ||    76
Throw: Dart              |       |       |       |     5 ||     5
       Throwing net      |       |       |       |     1 ||     1
Invok: Ancestor Life: He |       |     1 |       |       ||     1
       Ancestor Identity |       |     1 |       |       ||     1
       Idealise          |       |       |     1 |       ||     1
  Use: Scroll            |       |     4 |     7 |     6 ||    17
       Potion            |       |     2 |       |     4 ||     6
 Stab: Sleeping          |     3 |       |       |       ||     3
       Confused          |       |     2 |    19 |     4 ||    25
       Distracted        |       |     2 |     5 |     2 ||     9
Armor: Robe              |    13 |       |       |       ||    13
       Ring mail         |     1 |    36 |    11 |       ||    48
       Plate armour      |       |       |   297 |   168 ||   465
Dodge: Dodged            |    50 |    93 |   117 |   138 ||   398
Block: Buckler           |       |       |    12 |       ||    12

Table legend: (Time is in decaauts)
 A = Elapsed time spent in this place.
 B = Non-inter-level travel time spent in this place.
 C = Inter-level travel time spent in this place.
 D = Time resting spent in this place.
 E = Time spent auto-exploring this place.
 F = Levels seen in this place.
 G = Mean time per level.
                   A        B        C        D        E       F      G
               +--------+--------+--------+--------+--------+-----+--------+
         Total |  17273 |  16301 |    972 |   5350 |   8970 |  11 | 1570.3 |
       Dungeon |  16799 |  15827 |    972 |   5350 |   8595 |  10 | 1679.9 |
       Ossuary |    473 |    473 |      0 |      0 |    375 |   1 |  473.0 |
               +--------+--------+--------+--------+--------+-----+--------+

Top non-repeatable levels by time:
     D:6: 3522 daAuts
     D:8: 3150 daAuts
     D:9: 1992 daAuts
     D:3: 1562 daAuts
     D:1: 1411 daAuts
     D:2: 1198 daAuts
     D:7: 1100 daAuts
     D:4: 1029 daAuts
     D:5: 1025 daAuts
    D:10: 806 daAuts
 Ossuary: 473 daAuts
